 Dungeon Crawl Stone Soup version 0.27.1-2-g3b301248ec (webtiles) character file.

Game seed: 18391605463566175650

6 Crownlay the Digger (level 1, 0/10 HPs)
             Began as a Gargoyle Earth Elementalist on Oct 3, 2021.
             Slain by a kobold (5 damage)
             ... on level 1 of the Dungeon.
             The game lasted 00:00:23 (144 turns).

Crownlay the Digger (Gargoyle Earth Elementalist)    Turns: 144, Time: 00:00:24

Health: 0/10       AC:  4    Str: 11    XL:     1   Next: 90%
Magic:  1/3        EV: 11    Int: 15    God:
Gold:   3          SH:  0    Dex: 10    Spells: 3/4 levels left

rFire    . . .     SeeInvis .   a - +0 short sword
rCold    . . .     Faith    .   (no shield)
rNeg     + . .     Spirit   .   b - +0 robe
rPois    ∞         Reflect  .   (no helmet)
rElec    +         Harm     .   (no cloak)
rCorr    .         Rampage  .   (no gloves)
Will     .....                  (no boots)
Stlth    ++........             (no amulet)
HPRegen  0.03/turn              (no ring)
MPRegen  0.08/turn              (no ring)

@: no status effects
A: sickness immunity, AC +2, negative energy resistance 1, electricity
resistance, torment resistance 1, petrification resistance
a: no special abilities


You were on level 1 of the Dungeon.
You visited 1 branch of the dungeon, and saw 1 of its levels.

You collected 3 gold pieces.

Inventory:

Hand Weapons
 a - a +0 short sword (weapon)
Missiles
 c - 46 stones
Armour
 b - a +0 robe (worn)


   Skills:
 - Level 1.5 Dodging
 - Level 2.1 Stealth
 - Level 2.0 Spellcasting
 - Level 0.7 Transmutations
 + Level 4.2 Earth Magic


You had 3 spell levels left.
You knew the following spells:

 Your Spells              Type           Power      Damage    Failure   Level
a - Sandblast             Erth           28%        2d8       4%          1

Your spell library contained the following spells:

 Spells                   Type           Power      Damage    Failure   Level
 Passwall                 Tmut/Erth      6%         N/A       12%         2
 Animate Skeleton         Necr           2%         N/A       22%         1
 Pain                     Necr           4%         1d4       22%         1
 Stone Arrow              Conj/Erth      14%        3d7       28%         3
 Vampiric Draining        Necr           0%         2d6       54%         3
 Petrify                  Tmut/Erth      8%         N/A       63%         4


Dungeon Overview and Level Annotations

Branches:
Dungeon (1/15)

Altars:


Innate Abilities, Weirdness & Mutations

You are immune to sickness and miasma.
Your stone body is resilient. (AC +2)
You are immune to poison.
You resist negative energy. (rN+)
You are resistant to electric shocks. (rElec)
You are resistant to unholy torment.
You are immune to petrification.


Message History

a +0 short sword; a kobold corpse
a - a +0 short sword (weapon)
c - 49 stones (gained 25)
A rat comes into view.
A rat is nearby!
An endoplasm comes into view.
Found 3 gold pieces.
Found a stone staircase leading down.
The blast of sand hits the rat!
You kill the rat!
An endoplasm is nearby!
The helpless endoplasm fails to defend itself.
You hit the endoplasm.
The endoplasm is severely wounded.
The endoplasm misses you.
You hit the endoplasm.
You kill the endoplasm!
No target in view!
You now have 3 gold pieces.
There is a dry fountain here.
A kobold comes into view. It is wielding a +0 short sword.
Found a short sword.
A kobold is nearby!
The kobold shouts!
A bat and a kobold come into view.
There is a dry fountain here.
You hit the bat but do no damage. The bat closely misses you.
You closely miss the kobold. The bat hits you but does no damage.
The kobold barely misses you.
You hit the kobold but do no damage. The bat hits you.
The kobold hits you with a +0 short sword.
You closely miss the kobold. The bat hits you.
The bat hits you but does no damage. The kobold barely misses you.
The blast of sand hits the kobold but does no damage.
The bat barely misses you.
The blast of sand hits the kobold but does no damage.
The bat hits you.
The kobold hits you with a +0 short sword.
Ouch! That really hurt!
You die...

..###........#
.............#
.≈PP≈≈.≈.....# ##
≈....P.⌠.....#.
...
.####.⌠.>......
...≈ #.P......##
...≈.####.≈.####.#
#.≈..KK..≈.### .#
#.⌠P≈P@⌠≈≈..... #
#...b......####
#........###
...).####.# .....
#.# .... #.# #..
.# #..


You could see a bat and 2 kobolds.

Vanquished Creatures
  2 endoplasms (D:1)
  A kobold (D:1)
  A frilled lizard (D:1)
  2 rats (D:1)
6 creatures vanquished.

Notes
Turn   | Place    | Note
-------+----------+-------------------------------------------
     0 | D:1      | Crownlay the Gargoyle Earth Elementalist began the quest
                  | for the Orb.
     0 | D:1      | Reached XP level 1. HP: 10/10 MP: 3/3
    72 | D:1      | Reached skill level 4 in Earth Magic
   144 | D:1      | Slain by a kobold

Illustrated notes

Levels and vault maps discovered:
D:1:      minmay_arrival_checkered_box, layout_basic,
          shapermc_ecumenical_altar_acropolis, roderic_serpentine_path

Skill      XL: |  1 |
---------------+----+-----
Earth Magic    | 4 |  4.2
Dodging        | |  1.5
Stealth        | |  2.1
Spellcasting   | |  2.0
Transmutations | |  0.7

Action                   || total
-------------------------++-------
Melee: Short sword       ||     6
 Cast: Sandblast         ||     9
 Stab: Sleeping          ||     1
Armor: Robe              ||     2
Dodge: Dodged            ||     5
